MLB
OAKLAND ATHLETICS @ HOUSTON ASTROS
08/31/2098
 
TOP OF THE 1ST
Oakland Athletics batting - Pitching for Houston Astros : RHP Jon Cook
Pitching: RHP Jon Cook
Batting: RHB Ben Celeste 0-0: Ball
1-0: Ball
2-0: Called Strike
2-1: Ball
3-1: Called Strike
3-2: Base on Balls
Batting: LHB Mario Marquez 0-0: Called Strike
Ben Celeste steals 2nd base
0-1: Ball
1-1: Foul Ball, location: 2F
1-2: Foul Ball, location: 2F
1-2: Ball
2-2: Ball
3-2: Fly out, F7 (Flyball, 7, EV 97.5 MPH)
Batting: LHB Pat Wilson 0-0: Ball
1-0: Foul Ball, location: 7LSF
1-1: Ground out 4-3 (Groundball, 4M, EV 81.9 MPH)
Ben Celeste to third
Batting: RHB Jerome Bathgate 0-0: Foul Ball, location: 2F
0-1: Ball
1-1: Ball
2-1: Foul Ball, location: 25F
2-2: Reached via error on a dropped throw from 3B, E3 (Groundball, 56, EV 101.9 MPH)
Ben Celeste scores
Batting: RHB Randy Fowler 0-0: Fly out, F7 (Flyball, 7, EV 80.0 MPH)
Top of the 1st over - 1 run, 0 hits, 1 error, 1 left on base; Oakland 1 - Houston 0
BOTTOM OF THE 1ST
Houston Astros batting - Pitching for Oakland Athletics : LHP David Saldana
Pitching: LHP David Saldana
Batting: LHB Ricky Gomez 0-0: Ground out 4-3 (Groundball, 4, EV 83.8 MPH)
Batting: RHB Jeff Cinnamon 0-0: Ball
1-0: Called Strike
1-1: Called Strike
1-2: Foul Ball, location: 9LDF
1-2: SINGLE (Groundball, 6MD, EV 99.4 MPH)
Batting: RHB Kyle Stewart 0-0: Called Strike
0-1: Ball
1-1: Ball
2-1: Swinging Strike
2-2: Grounds into double play, 4-6-3 (Groundball, 4, EV 102.5 MPH)
Bottom of the 1st over - 0 runs, 1 hit, 0 errors, 0 left on base; Oakland 1 - Houston 0
TOP OF THE 2ND
Oakland Athletics batting - Pitching for Houston Astros : RHP Jon Cook
Batting: LHB Kyle O'Connor 0-0: Foul Ball, location: 2F
0-1: Ball
1-1: Ground out 4-3 (Groundball, 4, EV 86.3 MPH)
Batting: RHB Corey Springer 0-0: Ground out 5-3 (Groundball, 56, EV 85.0 MPH)
Batting: RHB David Reichel 0-0: Called Strike
0-1: Ball
1-1: Ball
2-1: Ball
3-1: Foul Ball, location: 9LSF
3-2: Base on Balls
Batting: RHB Tom Karr 0-0: Ball
1-0: Ball
2-0: Ball
3-0: Base on Balls
David Reichel to second
Batting: RHB Ben Celeste 0-0: Ball
1-0: Ball
2-0: Called Strike
2-1: Fly out, F9 (Flyball, 89M, EV 93.1 MPH)
Top of the 2nd over - 0 runs, 0 hits, 0 errors, 2 left on base; Oakland 1 - Houston 0
BOTTOM OF THE 2ND
Houston Astros batting - Pitching for Oakland Athletics : LHP David Saldana
Batting: LHB Alex Perez 0-0: Called Strike
0-1: Ball
1-1: Swinging Strike
1-2: Ball
2-2: Ball
3-2: Base on Balls
Batting: LHB Roy Lazzaro 0-0: Ball
1-0: Called Strike
1-1: TRIPLE (Flyball, 78XD, EV 95.6 MPH)
Alex Perez scores
Batting: RHB Sterling Lentz 0-0: Called Strike
0-1: Ball
1-1: Foul Ball, location: 5SF
1-2: Ball
2-2: Ground out U3 (Groundball, 34D, EV 95.6 MPH)
Roy Lazzaro scores
Batting: RHB Erik Ellsworth 0-0: Swinging Strike
0-1: Foul Ball, location: 3SF
0-2: Strikes out looking
Batting: RHB Manchu Hu 0-0: Ball
1-0: Ball
2-0: Ball
3-0: Called Strike
3-1: Foul Ball, location: 2F
3-2: Foul Ball, location: 2F
3-2: Fly out, F7 (Line Drive, 78M, EV 97.5 MPH)
Bottom of the 2nd over - 2 runs, 1 hit, 0 errors, 0 left on base; Oakland 1 - Houston 2
TOP OF THE 3RD
Oakland Athletics batting - Pitching for Houston Astros : RHP Jon Cook
Batting: LHB Mario Marquez 0-0: Swinging Strike
0-1: Called Strike
0-2: Ball
1-2: Foul Ball, location: 5DF
1-2: Ball
2-2: Fly out, F8 (Line Drive, 8RM, EV 95.0 MPH)
Batting: LHB Pat Wilson 0-0: Ball
1-0: Foul Ball, location: 5SF
1-1: Ball
2-1: Fly out, F8 (Line Drive, 8LM, EV 90.6 MPH)
Batting: RHB Jerome Bathgate 0-0: Ball
1-0: Foul Ball, location: 2F
1-1: Called Strike
1-2: Ball
2-2: Ball
3-2: Foul Ball, location: 2F
3-2: Foul Ball, location: 2F
3-2: Base on Balls
Batting: RHB Randy Fowler 0-0: Ball
1-0: Ball
2-0: SINGLE (Line Drive, 9S, EV 97.5 MPH)
Jerome Bathgate to second
Batting: LHB Kyle O'Connor 0-0: Ball
1-0: Called Strike
1-1: SINGLE (Groundball, 4MD, EV 103.8 MPH)
Jerome Bathgate to third
Randy Fowler to second
Runner from 3rd tries for Home, SAFE, throw by CF to trailing runner, OUT at third! 8-3-5
Top of the 3rd over - 1 run, 2 hits, 0 errors, 1 left on base; Oakland 2 - Houston 2
BOTTOM OF THE 3RD
Houston Astros batting - Pitching for Oakland Athletics : LHP David Saldana
Batting: LHB Josh Otis 0-0: Ball
1-0: Reached on error, E4 (Groundball, 4, EV 93.1 MPH)
Batting: LHB Ricky Gomez 0-0: Swinging Strike
0-1: Ball
1-1: Called Strike
Josh Otis steals 2nd base
1-2: Foul Ball, location: 3FF
1-2: DOUBLE (Line Drive, 7LD, EV 103.1 MPH)
Josh Otis scores
Batting: RHB Jeff Cinnamon 0-0: Fly out, F9 (Flyball, 9, EV 92.5 MPH)
Batting: RHB Kyle Stewart 0-0: Called Strike
Ricky Gomez steals 3rd base
0-1: Fly out, F7 (Flyball, 7, EV 88.1 MPH)
Runner from 3rd tags up, SCORES, throw by LF
Batting: LHB Alex Perez 0-0: Fly out, F5 (Popup, 5F, EV 75.0 MPH)
Bottom of the 3rd over - 2 runs, 1 hit, 1 error, 0 left on base; Oakland 2 - Houston 4
TOP OF THE 4TH
Oakland Athletics batting - Pitching for Houston Astros : RHP Jon Cook
Batting: RHB Corey Springer 0-0: Called Strike
0-1: Foul Ball, location: 5F
0-2: SINGLE (Line Drive, 8RS, EV 86.9 MPH)
Batting: RHB David Reichel 0-0: Ball
1-0: Swinging Strike
1-1: Called Strike
1-2: Foul Ball, location: 25F
1-2: Strikes out swinging
Batting: RHB Tom Karr 0-0: Ball
1-0: Foul Ball, location: 2F
1-1: Ground out 5-3 (Groundball, 56S, EV 65.0 MPH)
Corey Springer to second
Batting: RHB Ben Celeste 0-0: Called Strike
0-1: Ball
1-1: SINGLE (Groundball, 6MD, EV 104.4 MPH)
Corey Springer to third
Runner from 3rd tries for Home, SAFE, throw by CF to home
Batting: LHB Mario Marquez 0-0: Ball
1-0: Ball
2-0: Swinging Strike
2-1: Foul Ball, location: 2F
2-2: Strikes out swinging
Top of the 4th over - 1 run, 2 hits, 0 errors, 1 left on base; Oakland 3 - Houston 4
BOTTOM OF THE 4TH
Houston Astros batting - Pitching for Oakland Athletics : LHP David Saldana
Batting: LHB Roy Lazzaro 0-0: Called Strike
0-1: Ball
1-1: Foul Ball, location: 3F
1-2: Ball
2-2: Fly out, F3 (Popup, 3SF, EV 65.6 MPH)
Batting: RHB Sterling Lentz 0-0: Foul Ball, location: 25F
0-1: Foul Ball, location: 2F
0-2: Fly out, F9 (Flyball, 89D, EV 106.9 MPH)
Batting: RHB Erik Ellsworth 0-0: Ball
1-0: Ball
2-0: Called Strike
2-1: Fly out, F4 (Popup, 34, EV 56.3 MPH)
Bottom of the 4th over - 0 runs, 0 hits, 0 errors, 0 left on base; Oakland 3 - Houston 4
TOP OF THE 5TH
Oakland Athletics batting - Pitching for Houston Astros : RHP Jon Cook
Batting: LHB Pat Wilson 0-0: Called Strike
0-1: Ball
1-1: Called Strike
1-2: Ball
2-2: Ball
3-2: Foul Ball, location: 25FF
3-2: Base on Balls
Batting: RHB Jerome Bathgate 0-0: Ball
1-0: Ball
2-0: Called Strike
2-1: Foul Ball, location: 23F
2-2: Ball
3-2: Grounds into double play, 5-4-3 (Groundball, 56, EV 103.1 MPH)
Batting: RHB Randy Fowler 0-0: Ball
1-0: Foul Ball, location: 5F
1-1: Ball
2-1: Foul Ball, location: 3F
2-2: Ball
3-2: Fly out, F7 (Flyball, 7S, EV 93.8 MPH)
Top of the 5th over - 0 runs, 0 hits, 0 errors, 0 left on base; Oakland 3 - Houston 4
BOTTOM OF THE 5TH
Houston Astros batting - Pitching for Oakland Athletics : LHP David Saldana
Batting: RHB Manchu Hu 0-0: Called Strike
0-1: Foul Ball, location: 2LF
0-2: Strikes out swinging
Batting: LHB Josh Otis 0-0: Ball
1-0: Called Strike
1-1: Swinging Strike
1-2: Ball
2-2: Ball
3-2: Foul Ball, location: 7LSF
3-2: Ground out U3 (Groundball, 34, EV 101.3 MPH)
Batting: LHB Ricky Gomez 0-0: Foul Ball, location: 9LMF
0-1: Ball
1-1: Foul Ball, location: 2F
1-2: Ball
2-2: Foul Ball, location: 2F
2-2: Strikes out looking
Bottom of the 5th over - 0 runs, 0 hits, 0 errors, 0 left on base; Oakland 3 - Houston 4
TOP OF THE 6TH
Oakland Athletics batting - Pitching for Houston Astros : RHP Jon Cook
Pitching: RHP Vince Geiger
Batting: LHB Kyle O'Connor 0-0: Called Strike
0-1: Swinging Strike
0-2: Fly out, F4 (Line Drive, 34, EV 70.0 MPH)
Batting: RHB Corey Springer 0-0: Called Strike
0-1: Fly out, F9 (Line Drive, 9, EV 86.3 MPH)
Batting: RHB David Reichel 0-0: Ball
1-0: Fly out, F6 (Popup, 6, EV 78.1 MPH)
Top of the 6th over - 0 runs, 0 hits, 0 errors, 0 left on base; Oakland 3 - Houston 4
BOTTOM OF THE 6TH
Houston Astros batting - Pitching for Oakland Athletics : LHP David Saldana
Batting: RHB Jeff Cinnamon 0-0: Called Strike
0-1: Ball
1-1: SINGLE (Flyball, 34D, EV 85.0 MPH)
Batting: RHB Kyle Stewart 0-0: Fielders Choice at 2nd, 5-4 (Groundball, 56, EV 93.1 MPH)
Batting: LHB Alex Perez 0-0: Swinging Strike
Passed Ball!
Kyle Stewart to second
0-1: Swinging Strike
0-2: Fly out, F8 (Flyball, 8RM, EV 92.5 MPH)
Batting: LHB Roy Lazzaro 0-0: Ball
1-0: Called Strike
1-1: Foul Ball, location: 23F
1-2: Ball
2-2: Foul Ball, location: 25F
2-2: Fly out, F8 (Flyball, 8LD, EV 87.5 MPH)
Bottom of the 6th over - 0 runs, 1 hit, 0 errors, 1 left on base; Oakland 3 - Houston 4
TOP OF THE 7TH
Oakland Athletics batting - Pitching for Houston Astros : RHP Vince Geiger
Batting: RHB Tom Karr 0-0: Ball
1-0: Ball
2-0: Foul Ball, location: 25F
2-1: Swinging Strike
2-2: Foul Ball, location: 5SF
2-2: Ground out 5-3 (Groundball, 5, EV 85.0 MPH)
Batting: RHB Ben Celeste 0-0: Called Strike
0-1: Swinging Strike
0-2: Foul Ball, location: 2F
0-2: Strikes out swinging
Batting: LHB Mario Marquez 0-0: Ground out U3 (Groundball, 34S, EV 86.9 MPH)
Top of the 7th over - 0 runs, 0 hits, 0 errors, 0 left on base; Oakland 3 - Houston 4
BOTTOM OF THE 7TH
Houston Astros batting - Pitching for Oakland Athletics : LHP David Saldana
Batting: RHB Sterling Lentz 0-0: Ball
1-0: Ball
2-0: Foul Ball, location: 23F
2-1: Ground out 5-3 (Groundball, 56, EV 84.4 MPH)
Batting: RHB Erik Ellsworth 0-0: Called Strike
0-1: SINGLE (Groundball, 6MS, EV 63.8 MPH) (infield hit)
Batting: RHB Manchu Hu 0-0: Swinging Strike
0-1: Called Strike
0-2: Ball
1-2: Ball
2-2: Strikes out swinging
Batting: LHB Josh Otis 0-0: Fly out, F6 (Flyball, 6D, EV 88.1 MPH)
Bottom of the 7th over - 0 runs, 1 hit, 0 errors, 1 left on base; Oakland 3 - Houston 4
TOP OF THE 8TH
Oakland Athletics batting - Pitching for Houston Astros : RHP Vince Geiger
Batting: LHB Pat Wilson 0-0: SOLO HOME RUN (Flyball, 8RXD, EV 110.0 MPH), Distance : 419 ft
Batting: RHB Jerome Bathgate 0-0: Called Strike
0-1: Called Strike
0-2: Foul Ball, location: 9LDF
0-2: Ball
1-2: Ball
2-2: Foul Ball, location: 3FF
2-2: Ball
3-2: Fly out, F9 (Flyball, 9D, EV 93.1 MPH)
Batting: RHB Randy Fowler 0-0: Ball
1-0: Ball
2-0: Called Strike
2-1: Foul Ball, location: 3SF
2-2: Foul Ball, location: 5DF
2-2: Hit by Pitch
Pitching: RHP Josh Jones
Batting: LHB Kyle O'Connor 0-0: Called Strike
0-1: Ball
1-1: Called Strike
1-2: Strikes out swinging
Batting: RHB Corey Springer 0-0: Called Strike
Randy Fowler steals 2nd base
0-1: Fly out, F6 (Popup, 6, EV 73.1 MPH)
Top of the 8th over - 1 run, 1 hit, 0 errors, 1 left on base; Oakland 4 - Houston 4
BOTTOM OF THE 8TH
Houston Astros batting - Pitching for Oakland Athletics : LHP David Saldana
Batting: LHB Ricky Gomez 0-0: Ball
1-0: Ball
2-0: Called Strike
2-1: Ball
3-1: Called Strike
3-2: Foul Ball, location: 9LSF
3-2: Foul Ball, location: 7LMF
3-2: Fly out, F8 (Flyball, 8RXD, EV 92.5 MPH)
Batting: RHB Jeff Cinnamon 0-0: Called Strike
0-1: Ground out 6-3 (Groundball, 6, EV 87.5 MPH)
Batting: RHB Kyle Stewart 0-0: Called Strike
0-1: Ball
1-1: Ball
2-1: Ball
3-1: Foul Ball, location: 2F
3-2: SINGLE (Line Drive, 9S, EV 105.6 MPH)
Pitching: RHP Jim Watson
Batting: LHB Alex Perez 0-0: Called Strike
0-1: Called Strike
0-2: Foul Ball, location: 2F
0-2: Ball
1-2: Ball
2-2: Foul Ball, location: 7LDF
2-2: Strikes out swinging
Bottom of the 8th over - 0 runs, 1 hit, 0 errors, 1 left on base; Oakland 4 - Houston 4
TOP OF THE 9TH
Oakland Athletics batting - Pitching for Houston Astros : RHP Josh Jones
Batting: RHB David Reichel 0-0: Foul Ball, location: 9LMF
0-1: Foul Ball, location: 2F
0-2: Strikes out swinging
Batting: RHB Tom Karr 0-0: Called Strike
0-1: Ball
1-1: Called Strike
1-2: Fly out, F4 (Popup, 34, EV 62.5 MPH)
Batting: RHB Ben Celeste 0-0: Called Strike
0-1: Ball
1-1: Foul Ball, location: 9LMF
1-2: Ball
2-2: Foul Ball, location: 2F
2-2: Ball
3-2: Fly out, F8 (Flyball, 8RD, EV 105.6 MPH)
Top of the 9th over - 0 runs, 0 hits, 0 errors, 0 left on base; Oakland 4 - Houston 4
BOTTOM OF THE 9TH
Houston Astros batting - Pitching for Oakland Athletics : RHP Jim Watson
Pitching: LHP Justin Thomas
Batting: LHB Roy Lazzaro 0-0: Called Strike
0-1: Called Strike
0-2: Ball
1-2: Strikes out swinging
Batting: RHB Sterling Lentz 0-0: Called Strike
0-1: Foul Ball, location: 2F
0-2: DOUBLE (Flyball, 8RXD, EV 110.6 MPH)
Batting: RHB Erik Ellsworth 0-0: Fly out, F8 (Flyball, 8LM, EV 83.8 MPH)
Batting: RHB Manchu Hu 0-0: Intentional Walk
Pinch Hitting: RHB Matt Carocci 0-0: Called Strike
0-1: Ball
1-1: Fielders Choice at 2nd, 6-4 (Groundball, 6, EV 90.0 MPH)
Bottom of the 9th over - 0 runs, 1 hit, 0 errors, 2 left on base; Oakland 4 - Houston 4
TOP OF THE 10TH
Oakland Athletics batting - Pitching for Houston Astros : RHP Josh Jones
Now at 2B: Aaron Bruckerhoff
Batting: LHB Mario Marquez 0-0: Ball
1-0: Ball
2-0: Ball
3-0: Called Strike
3-1: Base on Balls
Batting: LHB Pat Wilson 0-0: Ball
1-0: Foul Ball, location: 7LMF
1-1: Foul Ball, location: 2F
1-2: Ball
2-2: Ball
3-2: 2-RUN HOME RUN (Flyball, 9LD, EV 96.3 MPH), Distance : 354 ft
Batting: RHB Jerome Bathgate 0-0: Fly out, F8 (Flyball, 8RD, EV 106.9 MPH)
Batting: RHB Randy Fowler 0-0: Ball
1-0: Swinging Strike
1-1: Ball
2-1: Ball
3-1: Swinging Strike
3-2: Fly out, F7 (Flyball, 7, EV 97.5 MPH)
Batting: LHB Kyle O'Connor 0-0: Called Strike
0-1: Ball
1-1: Ball
2-1: SINGLE (Line Drive, 6D, EV 95.0 MPH)
Pitching: RHP Graham Burch
Batting: RHB Corey Springer 0-0: Swinging Strike
0-1: Ball
1-1: Foul Ball, location: 9LSF
1-2: Ball
2-2: SINGLE (Line Drive, 4D, EV 106.9 MPH)
Kyle O'Connor to second
Batting: RHB David Reichel 0-0: Ball
1-0: Called Strike
1-1: Reached on error, E5 (Groundball, 56S, EV 66.3 MPH)
Kyle O'Connor to third
Corey Springer to second
Batting: RHB Tom Karr 0-0: Ball
1-0: Ball
2-0: Fly out, F9 (Flyball, 89D, EV 108.8 MPH)
Top of the 10th over - 2 runs, 3 hits, 1 error, 3 left on base; Oakland 6 - Houston 4
BOTTOM OF THE 10TH
Houston Astros batting - Pitching for Oakland Athletics : LHP Justin Thomas
Pitching: LHP Dana Joseph
Batting: LHB Ricky Gomez 0-0: Fly out, F8 (Flyball, 8RXD, EV 99.4 MPH)
Batting: RHB Jeff Cinnamon 0-0: Ball
1-0: Ball
2-0: Ball
3-0: Base on Balls
Batting: RHB Kyle Stewart 0-0: Ball
1-0: Ball
2-0: Called Strike
2-1: Fly out, F9 (Flyball, 9, EV 92.5 MPH)
Batting: LHB Alex Perez 0-0: Called Strike
0-1: Called Strike
0-2: SINGLE (Groundball, 34D, EV 109.4 MPH)
Jeff Cinnamon to second
Batting: LHB Roy Lazzaro 0-0: Ball
1-0: Ball
2-0: Called Strike
2-1: Fly out, F6 (Popup, 56, EV 75.0 MPH)
Bottom of the 10th over - 0 runs, 1 hit, 0 errors, 2 left on base; Oakland 6 - Houston 4
Sunday, April 14th , 2024 - OOTP Baseball 24.11 Build 85